 Dungeon Crawl Stone Soup version 0.23.2-33-g5129a83184 (webtiles) character file.

Game seed: 17477832527785638434

764 Acheron the Covered (level 7, -20/44 HPs)
             Began as a Gargoyle Fighter on Aug 12, 2019.
             Was a Follower of Okawaru.
             Demolished by an ogre
             ... wielding a +0 giant spiked club
              (25 damage)
             ... on level 6 of the Dungeon.
             The game lasted 00:15:27 (4208 turns).

Acheron the Covered (Gargoyle Fighter)              Turns: 4208, Time: 00:15:28

Health: -20/44     AC: 14    Str: 20    XL:     7   Next: 81%
Magic:  10/10      EV:  8    Int:  8    God:    Okawaru [*.....]
Gold:   270        SH:  9    Dex: 11    Spells: 10/10 levels left

rFire    . . .     SeeInvis .   o - +11 long sword of the Tundras {holy, +Inv rN+}
rCold    . . .     Gourm    .   c - +0 shield
rNeg     + + .     Faith    .   b - +0 scale mail
rPois    ∞         Spirit   .   (no helmet)
rElec    +         Reflect  .   k - +0 cloak
rCorr    .         Harm     .   A - +0 pair of gloves
MR       .....                  (no boots)
Stlth    +.........             (no amulet)
HPRegen  0.14/turn              (no ring)
MPRegen  0.12/turn              (no ring)

@: no status effects
A: negative energy resistance 1, electricity resistance, unbreathing,
petrification resistance, rot immunity, AC +4
a: Heroism, Renounce Religion, Evoke Invisibility


You were on level 6 of the Dungeon.
You worshipped Okawaru.
Okawaru was aware of your devotion.
You were not hungry.

You visited 1 branch of the dungeon, and saw 6 of its levels.

You collected 270 gold pieces.

Inventory:

Hand Weapons
 a - a +2 war axe
 e - a +0 short sword
 o - the +11 long sword of the Tundras (weapon) {holy, +Inv rN+}
   (You found it on level 4 of the Dungeon)

   It has been blessed by the Shining One to cause great damage to the undead
   and demons.
   It protects you from negative energy.
   It lets you turn invisible.
 v - the +7 shortbow of Bloody Death {venom, rPois MR+ Dex+2, unknown}
   (You found it on level 5 of the Dungeon)

   It poisons the ammo it fires.
   It affects your dexterity (+2).
   It protects you from poison.
   It affects your resistance to hostile enchantments.
 B - a +2 hand axe of flaming
Missiles
 g - 209 stones (quivered)
 n - 60 sling bullets
 w - a throwing net
 x - 7 poisoned needles
Armour
 b - a +0 scale mail (worn)
 c - a +0 shield (worn)
 k - a +0 cloak (worn)
 A - a +0 pair of gloves (worn)
Scrolls
 h - 5 scrolls of teleportation
 q - 2 scrolls of remove curse
 s - a scroll of amnesia
 y - a scroll of blinking
Potions
 d - a potion of might
 i - 2 potions of lignification {unknown}
 j - 2 potions of heal wounds
 l - 3 potions of curing
 m - a potion of ambrosia {unknown}
 p - a potion of agility {unknown}
 r - a potion of haste {unknown}
 u - a potion of cancellation {unknown}
 z - a potion of degeneration {unknown}
 C - 2 potions of magic {unknown}
 D - a potion of flight {unknown}
Comestibles
 f - 6 rations
 t - 5 chunks of flesh


   Skills:
 * Level 4.4 Fighting
 * Level 1.1 Long Blades
 + Level 4.0 Axes
 * Level 4.5 Armour
 * Level 1.8 Dodging
 * Level 3.1 Stealth
 + Level 4.4 Shields
 * Level 2.1 Spellcasting
 * Level 1.4 Invocations
 * Level 1.1 Evocations


You had 10 spell levels left.
You didn't know any spells.
Your spell library was empty.

Dungeon Overview and Level Annotations

Branches:
Dungeon (6/15)             Temple (0/1) D:5

Altars:
Elyvilon
Okawaru
The Shining One

Annotations:
D:2 Terence


Innate Abilities, Weirdness & Mutations

You are resistant to torment.
Your stone body is resilient. (AC +4)
You are immune to poison.
You resist negative energy. (rN+)
You are resistant to electric shocks. (rElec)
You can survive without breathing.
You are immune to petrification.
You are immune to rotting.


Message History

An ogre comes into view. It is wielding a +0 giant spiked club.
Found 11 arrows.
You see here 11 arrows.
You start resting.
The ogre is too close now for your liking.
The ogre shouts!
Your shield and scale mail prevent you from hitting the ogre.
You block the ogre's attack.
You slash the ogre!
The ogre is moderately wounded.
The ogre hits you with a +0 giant spiked club!
You hit the ogre.
The ogre is heavily wounded.
The ogre hits you with a +0 giant spiked club!
* * * LOW HITPOINT WARNING * * *
You slash the ogre!
The ogre is almost dead.
The ogre hits you with a +0 giant spiked club!!
Ouch! That really hurt!
You die...

###............÷.........#
........................#
.............###........##
#...........# #.........#
###.........# ##......##
#.........# #.....##
#.........# ##...## #
##........O####.### ##
###.........@.#(##
.####..............##
...#..###.##......##
##..### ##.###...## ####
#.####.# ## ###


You could see an ogre.

Vanquished Creatures
  Sigmund (D:5)
  A howler monkey (D:6)
  2 crimson imps (D:5)
  2 bullfrog zombies (D:5)
  A bullfrog skeleton (D:5)
  2 hounds (D:5)
  An orc wizard (D:4)
  An iguana (D:6)
  2 worker ants (D:5)
  A howler monkey zombie (D:6)
  A worker ant zombie (D:5)
  3 gnolls (D:5)
  7 adders
  A shadow imp (D:5)
  An ooze (D:3)
  An adder skeleton (D:4)
  2 worms
  2 leopard geckos
  12 orcs
  A giant cockroach (D:4)
  5 goblins
  16 hobgoblins
  4 jackals
  4 kobolds
  3 quokkas
  6 bats
  7 frilled lizards
  A jackal skeleton (D:6)
  A leopard gecko skeleton (D:5)
  10 rats
102 creatures vanquished.

Notes
Turn   | Place    | Note
-------+----------+-------------------------------------------
     0 | D:1      | Acheron the Gargoyle Fighter began the quest for the Orb.
     0 | D:1      | Reached XP level 1. HP: 14/14 MP: 1/1
   345 | D:1      | Reached XP level 2. HP: 8/19 MP: 2/2
   952 | D:2      | Reached XP level 3. HP: 12/23 MP: 3/3
   952 | D:2      | Reached skill level 1 in Stealth
  1176 | D:2      | Noticed Terence
  1488 | D:3      | Reached XP level 4. HP: 28/28 MP: 4/4
  2310 | D:4      | Got a dazzling long sword
  2369 | D:4      | Reached skill level 1 in Spellcasting
  2369 | D:4      | Reached XP level 5. HP: 26/32 MP: 6/6
  2477 | D:4      | Reached skill level 1 in Dodging
  2591 | D:4      | Found an iron altar of Okawaru.
  2599 | D:4      | Became a worshipper of Warmaster Okawaru
  2865 | D:5      | Entered Level 5 of the Dungeon
  2894 | D:6      | Noticed a centaur
  3094 | D:5      | Reached XP level 6. HP: 38/38 MP: 6/8
  3167 | D:5      | Found a glowing golden altar of the Shining One.
  3244 | D:5      | Got a crystal shortbow
  3356 | D:5      | Found a staircase to the Ecumenical Temple.
  3365 | D:5      | Identified the +11 long sword of the Tundras {holy, +Inv
                  | rN+} (You found it on level 4 of the Dungeon)
  3606 | D:5      | Reached XP level 7. HP: 36/43 MP: 9/9
  3623 | D:5      | Reached * piety under Okawaru
  3719 | D:5      | Found a white marble altar of Elyvilon.
  3728 | D:5      | Noticed Sigmund
  3736 | D:5      | Killed Sigmund
  3736 | D:5      | Reached skill level 1 in Long Blades
  3736 | D:5      | Reached skill level 1 in Invocations
  3736 | D:5      | Reached skill level 1 in Evocations
  4208 | D:6      | Demolished by an ogre

Skill      XL: |  1  2  3  4  5  6  7 |
---------------+----------------------+-----
Stealth        | 1 2 3 |  3.1
Axes           | 2 3 4 |  4.0
Spellcasting   | 1 2 |  2.1
Dodging        | 1 |  1.8
Shields        | 4 |  4.4
Armour         | 4 |  4.5
Fighting       | 4 |  4.4
Long Blades    | 1 |  1.1
Invocations    | 1 |  1.4
Evocations     | 1 |  1.1

Action                   |  1- 3 |  4- 6 |  7- 9 || total
-------------------------+-------+-------+-------++-------
Melee: War axe           |   139 |   174 |    14 ||   327
       Long sword        |       |       |    20 ||    20
Invok: Heroism           |       |       |     1 ||     1
  Use: Scroll            |     5 |     3 |     1 ||     9
  Eat: Chunk             |     2 |     5 |     1 ||     8
       Ration            |       |     1 |       ||     1
Armor: Scale mail        |    94 |   101 |    15 ||   210
Dodge: Dodged            |    72 |    69 |    14 ||   155
Block: Shield            |    82 |   110 |    18 ||   210
       Rpst.: Long sword |       |       |     3 ||     3
